 Dungeon Crawl Stone Soup version 0.31.0-1-g2c135a0 (webtiles) character file.

Game seed: 7186427658016650519

12 bonegar the Sneak (level 2, -1/22 HPs)
             Began as a Naga Enchanter on Feb 13, 2024.
             Frozen to death by an endoplasm (3 damage)
             ... on level 1 of the Dungeon.
             The game lasted 00:01:44 (186 turns).

bonegar the Sneak (Naga Enchanter)                   Turns: 186, Time: 00:01:44

Health: -1/22      AC:  1    Str: 10    XL:     2   Next: 33%
Magic:  5/5        EV:  9    Int: 15    God:
Gold:   12         SH:  0    Dex: 11    Spells: 5/5 levels left

rFire   . . .        a - +1 dagger
rCold   . . .        (no shield)
rNeg    . . .        b - +0 robe
rPois   +            (no helmet)
rElec   .            (no cloak)
rCorr   .            (no gloves)
SInv    +            (no barding)
Will    .....        (no amulet)
Stlth   +++          (no ring)
HPRegen 0.23/turn    (no ring)
MPRegen 0.09/turn

%: no passive effects
@: invisible (expiring), very slow
A: AC +0, large, see invisible, deformed body, poison resistance, slowness 2,
spit poison 1, naga tail 1
a: Spit Poison


You were on level 1 of the Dungeon.
You visited 1 branch of the dungeon, and saw 1 of its levels.

You collected 12 gold pieces.

Inventory:

Hand Weapons
 a - a +1 dagger (weapon)
Armour
 b - a +0 robe (worn)
Scrolls
 e - a scroll of torment {unknown}
Potions
 c - a potion of invisibility
 d - a potion of cancellation {unknown}


   Skills:
 + Level 1.1 Short Blades
 + Level 1.6 Dodging
 + Level 5.0 Stealth
 + Level 2.0 Spellcasting
 + Level 3.2 Hexes


You had 5 spell levels left.
You didn't know any spells.
Your spell library contained the following spells:

 Spells                   Type           Power      Damage    Failure   Level
 Ensorcelled Hibernation  Hex/Ice        12%        N/A       17%         2
 Confusing Touch          Hex            11%        N/A       19%         3
 Tukima's Dance           Hex            11%        N/A       19%         3
 Dazzling Flash           Conj/Hex       12%        N/A       34%         3


Dungeon Overview and Level Annotations

Branches:
Dungeon (1/15)

Altars:


Innate Abilities, Weirdness & Mutations

Your serpentine skin is tough. (AC +0)
You have supernaturally acute eyesight. (SInv)
Armour fits poorly on your strangely shaped body.
Your system is resistant to poisons. (rPois)
You cover ground very slowly.
You can spit poison.
You have a snake-like lower body.


Message History

* * * LOW HITPOINT WARNING * * *
You hit the endoplasm but do no damage.
The endoplasm is heavily wounded.
You hit the endoplasm.
You kill the endoplasm!
An endoplasm comes into view.
You fade into invisibility!
You catch the helpless frilled lizard completely off-guard!
You puncture the frilled lizard!
You kill the frilled lizard!
Your Stealth skill increases to level 5!
You closely miss the frilled lizard. You barely miss the frilled lizard.
The frilled lizard barely misses you.
You hit the frilled lizard.
You kill the frilled lizard!
You hit the goblin.
The goblin is moderately wounded.
The goblin hits you with a +0 club.
* * * LOW HITPOINT WARNING * * *
The kobold shouts!
You hit the goblin.
The goblin is severely wounded.
The goblin misses you.
You hit the goblin.
You kill the goblin!
The endoplasm quivers.
The kobold closely misses you.
The kobold hits you with a +0 short sword.
* * * LOW HITPOINT WARNING * * *
Items here: ) †††.
You strike the helpless kobold from behind!
You puncture the kobold!
You kill the kobold!
The endoplasm misses you.
You hit the endoplasm.
The endoplasm is moderately wounded.
You flicker for a moment.
The endoplasm freezes you.
You are frozen.
You die...

#..##..).# #.##.#.#
#........###......#
##.###....##.##.>.#
#...†............###.#.
#######..#####.....llK.
#..# ##.####.# #..# #)#
#..# #)####.#. #..#
#@....... #..#
#J####.#. #.. #.# ..#
#.. ... ###


You could see an endoplasm.

Vanquished Creatures
  2 endoplasms (D:1)
  A hobgoblin (D:1)
  A ball python (D:1)
  2 bats (D:1)
  3 frilled lizards (D:1)
  A goblin (D:1)
  3 kobolds (D:1)
13 creatures vanquished.

Notes
Turn   | Place    | Note
-------+----------+-------------------------------------------
     0 | D:1      | bonegar the Naga Enchanter began the quest for the Orb.
     0 | D:1      | Reached XP level 1. HP: 15/15 MP: 3/3
   126 | D:1      | Reached XP level 2. HP: 7/22 MP: 5/5
   177 | D:1      | Reached skill level 5 in Stealth
   183 | D:1      | HP: 1/22 [kobold/+0 short sword (3)]
   186 | D:1      | Frozen to death by an endoplasm

Illustrated notes

Levels and vault maps discovered:
D:1:      sevenhm_arrival_forest_fort_small_6, layout_loops_ring,
          minmay_misc_feat_pillars

Skill      XL: |  1  2 |
---------------+-------+-----
Stealth        | 5 |  5.0
Short Blades   | |  1.1
Dodging        | |  1.6
Spellcasting   | |  2.0
Hexes          | |  3.2

Action                     || total
---------------------------++-------
  Melee: Dagger            ||    35
    Use: Potion            ||     1
   Stab: Sleeping          ||     2
         Invisible         ||     2
 Armour: Robe              ||    17
  Dodge: Dodged            ||    10
